 Dungeon Crawl Stone Soup version 0.13.0-25-g43d4df3 (webtiles) character file.

209 Psiweapon the Insei (level 4, -3/34 HPs)
             Began as a Vampire Monk on Oct 28, 2013.
             Killed by divine providence
             ... invoked by an orc priest
              (15 damage)
             ... on Level 5 of the Dungeon.
             The game lasted 00:09:26 (1805 turns).

Psiweapon the Insei (Vampire Monk)                  Turns: 1805, Time: 00:09:26

HP  -3/34        AC  3     Str 11      XL: 4   Next: 87%
MP   4/4         EV 14     Int 12      God:
Gold 81          SH  0     Dex 16      Spells:  0 memorised,  3 levels left

Res.Fire  : . . .   See Invis. : +   o - +4 quarterstaff (chaos)
Res.Cold  : . . .   Warding    : .   a - +0 robe
Life Prot.: . . .   Conserve   : .   (no shield)
Res.Poison: .       Res.Corr.  : .   (no helmet)
Res.Elec. : .       Clarity    : .   p - +0 cloak
Sust.Abil.: . .     Spirit.Shd : .   (no gloves)
Res.Mut.  : .       Stasis     : .   (no boots)
Res.Rott. : .       Flight     : .   (no amulet)
Saprovore : . . .                    (no ring)
                                     q - ring of teleport control

@: regenerating quickly, slightly resistant to hostile enchantments, stealthy
A: fangs 3, see invisible, unbreathing
a: Evoke Teleport Control


You were on level 5 of the Dungeon.
You were full.

You visited 1 branch of the dungeon, and saw 4 of its levels.

You collected 81 gold pieces.

Inventory:

Hand weapons
 f - a +0,+0 dagger
 k - a +0,+0 short sword
 o - a +4,+4 quarterstaff of chaos (weapon)
Missiles
 l - 3 steel javelins (quivered)
 m - 13 poisoned needles
Armour
 a - a +0 robe (worn)
 h - a +3 elven chain mail of magic resistance
 p - a +0 cloak (worn)
Magical devices
 c - a wand of fireball (1) {unknown}
Jewellery
 q - a ring of teleport control (left hand)
Potions
 b - a potion of blood
 d - a potion of agility
 g - a potion of curing
 i - 2 potions of heal wounds


   Skills:
 - Level 2.8 Fighting
 + Level 1.9 Staves
 - Level 2.0 Throwing
 - Level 3.7 Dodging
 - Level 3.8 Stealth
 - Level 4.6 Unarmed Combat


You had 3 spell levels left.
You didn't know any spells.

Dungeon Overview and Level Annotations

Branches:
Dungeon (5/27)
 Temple: D:4-7

Altars:
Ashenzari


Innate Abilities, Weirdness & Mutations

Your natural rate of healing is unusually fast.
You have razor-sharp teeth.*
You have supernaturally acute eyesight.
You can survive without breathing.*


Message History

The adder bites you.
You hit the adder.
You kill the adder!
You determine that you are carrying:
o - a +4,+4 quarterstaff of chaos (weapon)
An orc priest and an orc wizard come into view.
The orc priest shouts!
The orc priest invokes the aid of Beogh against you.
Something smites you!
An orc priest comes into view. It is wielding an orcish club.
An orc comes into view.
The orc priest shouts!
The orc priest prays to Beogh.
You feel a wave of unholy energy pass over you.
You hear a distant slurping noise.
The orc priest glows brightly for a moment.
The orc priest invokes the aid of Beogh against you.
Something smites you!
The orc priest invokes the aid of Beogh against you.
Something smites you!
You die...

#.....o.#
#.......########
#......o........
#.....o.###....o
#######...# ..
#.#.# #...#
#.### #@# #.#
#.# #.. #.. #...
#.## ... [.#


You could see 2 orc priests and an orc wizard (wandering).

Vanquished Creatures
  Crazy Yiuf (D:2)
  An orc wizard (D:3)
  Terence (D:2)
  An adder (D:5)
  2 oozes (D:2)
  4 orcs (D:3)
  A ball python (D:3)
  4 giant cockroaches
  5 goblins
  6 hobgoblins
  2 bats (D:1)
  2 giant geckos (D:1)
  2 giant newts (D:1)
  3 jackals (D:2)
  6 kobolds
  A quokka (D:2)
  6 rats
48 creatures vanquished.

Notes
Turn   | Place    | Note
--------------------------------------------------------------
     0 | D:1      | Psiweapon, the Vampire Monk, began the quest for the Orb.
     0 | D:1      | Reached XP level 1. HP: 16/16 MP: 1/1
   398 | D:2      | Reached XP level 2. HP: 22/22 MP: 2/2
  1033 | D:3      | Reached skill level 1 in Throwing
  1117 | D:2      | Noticed Crazy Yiuf
  1122 | D:2      | Killed Crazy Yiuf
  1122 | D:2      | Reached XP level 3. HP: 28/28 MP: 3/3
  1276 | D:2      | Noticed Terence
  1290 | D:2      | Reached XP level 4. HP: 24/34 MP: 4/4
  1405 | D:2      | Found a shattered altar of Ashenzari.
  1410 | D:2      | Saw a vision of the Swamp and the Snake Pit.
  1410 | D:2      | Noticed a black mamba
  1410 | D:2      | Noticed a giant frog
  1410 | D:2      | Noticed a naga
  1410 | D:2      | Noticed a black mamba
  1410 | D:2      | Noticed a water moccasin
  1410 | D:2      | Noticed a naga
  1410 | D:2      | Noticed a naga warrior
  1410 | D:2      | Noticed an alligator
  1412 | D:2      | Noticed a black mamba
  1413 | D:2      | Noticed a water moccasin
  1414 | D:2      | Noticed an alligator
  1564 | D:2      | Killed Terence
  1714 | D:3      | Reached skill level 1 in Staves
  1773 | D:3      | You fall through a shaft!
  1773 | D:5      | Entered Level 5 of the Dungeon
  1805 | D:5      | Killed from afar by an orc priest

Action                   |  1- 3 |  4- 6 || total
-------------------------+-------+-------++-------
Melee: Unarmed           |   104 |    16 ||   120
       Quarterstaff      |       |    29 ||    29
Throw: Dagger            |     4 |       ||     4
       Javelin           |     7 |       ||     7
  Use: Scroll            |       |     8 ||     8
       Potion            |       |     1 ||     1
 Stab: Sleeping          |     5 |     1 ||     6
